[Event "Late-Titled-Tuesday-Blitz-July-09-2024"]
[Site "Chess.com"]
[Date "2024.07.09"]
[Round "4"]
[White "falzehope0"]
[Black "chipmunknau"]
[Result "0-1"]
[WhiteElo "2462"]
[BlackElo "2706"]
[TimeControl "180+1"]
[EndTime "14:39:15 PDT"]
[Termination "chipmunknau won by checkmate"]

1. d4 Nf6 2. e3 e6 3. Bd3 c5 4. f4 b6 5. Nf3 Bb7 6. O-O Be7 7.
Nbd2 O-O 8. Qe1 Nc6 9. c3 d6 10.
a3 Rc8 11. e4 cxd4 12. cxd4 e5 13. d5 Nd4 14. Nxd4 exd4 15. Qg3 Nd7 16. b4 f5 17. Bb2 Bf6 18. Qh3 fxe4 19. Nxe4 Bxd5 20. Nxd6 g6 21. Nxc8 Qxc8 22. Rac1 Qd8 23. Bc4 Bxc4 24. Rxc4 b5 25.
Qe6+ Kg7 26. Rc6 Re8 27. Qd5 Nb6 28. Qxd8 Rxd8 29. Rc7+ Kg8 30. Rxa7 Nc4 31. Ba1 Ne3 32. Rc1 d3 33. Bxf6 d2 34. Rb1 Rc8 35. Kf2 Rc1 36. Ra8+ Kf7 37. Bb2 Rxb1 38. Ra7+ Ke6 39. Ra6+ Kd7 40. Kxe3 d1=Q 41. Ra7+ Kc6 42. Bd4 Rb3+ 43.
Ke4 Qe2+ 44. Be3 Qxe3# 0-1

[Event "Late-Titled-Tuesday-Blitz-July-09-2024"]
[Site "Chess.com"]
[Date "2024.07.09"]
[Round "4"]
[White "BillCoe"]
[Black "szachmistrz2500"]
[Result "1/2-1/2"]
[WhiteElo "2090"]
[BlackElo "2403"]
[TimeControl "180+1"]
[EndTime "14:39:15 PDT"]
[Termination "Game drawn - insufficient material"]

1. e4 c5 2. Nf3 Nc6 3. Bb5 g6 4. O-O Bg7 5. Re1 e5 6. c3 Nge7 7. h3 O-O 8. d3 d5 9. exd5 Qxd5 10. Nbd2 Bf5 11. Ne4 b6 12. Bg5 f6 13. Bh4 Rad8 14.
Qe2 g5 15. Bg3 Kh8 16. Rad1 Ng6 17. Nh2 Nf4 18. Bxf4 gxf4 19. Qf3 Bg6 20. h4 f5 21. Ng5 Qxf3 22. Nhxf3 Rd6 23. Bxc6 Rxc6 24. Nxe5 Rd6 25. Nxg6+ hxg6 26. Ne6 Re8 27. Nxg7 Rxe1+ 28. Rxe1 Kxg7 29.
Re7+ Kh6 30. Rxa7 Rxd3 31. Ra6 Rd1+ 32. Kh2 Rd2 33. Rxb6 Rxf2 34. a4 Rd2 35. Kg1 c4 36. a5 Rd1+ 37. Kf2 Ra1 38. a6 Kh5 39. Kf3 Rf1+ 40.
Ke2 Ra1 41. Rc6 Ra2 42. Kf3 Rxb2 43. Rxc4 Ra2 44. Rc6 Kh6 45. Kxf4 Rxg2 46. a7 Rg4+ 47. Ke5 Ra4 48. Rc7 Kh5 49. Kf6 Kg4 50. Kxg6 f4 51. h5 Ra6+ 52. Kg7 Kxh5 53. Rf7 Kg4 54. c4 f3 55. c5 Kg3 56. Kf8 f2 57. Ke8 Rxa7 58.
Rxf2 Kxf2 59. Kd8 Ke3 60. c6 Kd4 61. c7 Ra8+ 62. c8=Q Rxc8+ 63. Kxc8 1/2-1/2

[Event "Late-Titled-Tuesday-Blitz-July-09-2024"]
[Site "Chess.com"]
[Date "2024.07.09"]
[Round "4"]
[White "vladjianu"]
[Black "DanielNaroditsky"]
[Result "0-1"]
[WhiteElo "2636"]
[BlackElo "3088"]
[TimeControl "180+1"]
[EndTime "14:39:16 PDT"]
[Termination "DanielNaroditsky won by resignation"]

1. d4 Nf6 2. c4 g6 3. Nc3 Bg7 4. e4 d6 5. h3 O-O 6. Be3 c6 7. g4 c5 8. d5 e6 9. Bd3 exd5 10. exd5 Re8 11. Nf3 h5 12. g5 Nh7 13. Kf1 Rxe3 14.
fxe3 Nxg5 15. Nxg5 Qxg5 16. Qf3 Nd7 17. Qf4 Qe7 18. Kg2 Ne5 19. Be2 f5 20. e4 Kh7 21.
Rhf1 Bh6 22. Qg3 f4 23. Rxf4 Bxf4 24. Qxf4 Bd7 25. Rf1 Kg7 26. b3 a6 27. Qg3 h4 28.
Qf4 g5 29. Qe3 Kh6 30. Nd1 Rf8 31. Rxf8 Qxf8 32. Nf2 Qf6 33. Nd3 Nxd3 34. Bxd3 Qe5 35. Qf3 Kg7 36. Qe3 g4 37. hxg4 Bxg4 38. Be2 h3+ 39. Kh1 Bd7 40. Bf1 h2 41. Qf3 Be8 42. Bg2 Bg6 43. Qe3 b5 44. Qe2 b4 45. Qg4 a5 46.
Qd7+ Kh6 47. Qg4 Kg7 48. Qd7+ Kf6 49. Qd8+ Qe7 50. Qh8+ Kg5 51. Qxh2 Qh7 52. e5 Qxh2+ 53. Kxh2 dxe5 54. Kg3 Bb1 55. d6 Kf6 56. Be4 Bxe4 0-1

[Event "Late-Titled-Tuesday-Blitz-July-09-2024"]
[Site "Chess.com"]
[Date "2024.07.09"]
[Round "4"]
[White "urano56"]
[Black "alreadybroken23"]
[Result "0-1"]
[WhiteElo "2422"]
[BlackElo "2667"]
[TimeControl "180+1"]
[EndTime "14:39:16 PDT"]
[Termination "alreadybroken23 won by checkmate"]

1. e4 e6 2. d4 d5 3. Nc3 Bb4 4. e5 c5 5. a3 Bxc3+ 6. bxc3 Ne7 7. Qg4 Nf5 8. Bd3 h5 9. Qf3 Nc6 10. Bxf5 exf5 11. Ne2 g5 12. h4 g4 13. Qg3 Qc7 14. O-O Ne7 15. Bg5 Ng6 16. Nf4 Be6 17.
Nxg6 fxg6 18. Rfd1 b6 19. c4 cxd4 20. cxd5 Bxd5 21.
Rxd4 Be6 22. Rad1 O-O 23. Rd6 Rfe8 24. R1d2 Rac8 25. Bf6 g5 26. hxg5 Qf7 27. Qf4 Rc4 28. R6d4 Rxd4 29. Qxd4 Kh7 30. Qa4 Kg6 31. Qc6 h4 32.
Rd3 Rc8 33. Qa4 Rc4 34. Qb5 Rxc2 35. Rd8 g3 36. fxg3 hxg3 37. Rd1 Qb7 38. Qf1 Bd5 39.
Qb5 Rxg2+ 40. Kf1 Bc4+ 41. Qxc4 Qf3+ 42. Ke1 Qf2# 0-1

[Event "Late-Titled-Tuesday-Blitz-July-09-2024"]
[Site "Chess.com"]
[Date "2024.07.09"]
[Round "4"]
[White "BaylavChess"]
[Black "marvinguevara"]
[Result "0-1"]
[WhiteElo "2401"]
[BlackElo "2085"]
[TimeControl "180+1"]
[EndTime "14:39:16 PDT"]
[Termination "marvinguevara won by checkmate"]

1. e4 c5 2. Nc3 Nc6 3. Nf3 Nf6 4. d4 cxd4 5. Nxd4 e5 6. Ndb5 d6 7. Nd5 Nxd5 8. exd5 Ne7 9. c4 Nf5 10. Bd3 Be7 11. O-O O-O 12. Qc2 g6 13. a4 a6 14.
Nc3 Nd4 15. Qd1 f5 16. Be3 Bf6 17. f3 Qb6 18. Rb1 Bd7 19. b4 Rae8 20. Bf2 Qc7 21.
Qd2 g5 22. Rfc1 Bc8 23. c5 g4 24. fxg4 Qg7 25. cxd6 e4 26. Bc4 Bd7 27. g5 Nf3+ 28. gxf3 Bxg5 29. Qc2 Bxc1+ 30. Kf1 Bf4 31. Rd1 e3 32. Bh4 Qh6 33. Be7 Rf7 34. Bd3 Kh8 35. Re1 Rg8 36. Re2 Qh3+ 37. Rg2 Qxf3+ 38. Kg1 Rxg2+ 39.
Qxg2 Rg7 40. Qxg7+ Kxg7 41. Be2 Qf2+ 42. Kh1 Qxh2# 0-1

[Event "Late-Titled-Tuesday-Blitz-July-09-2024"]
[Site "Chess.com"]
[Date "2024.07.09"]
[Round "4"]
[White "mind1mover"]
[Black "rpragchess"]
[Result "0-1"]
[WhiteElo "2820"]
[BlackElo "3106"]
[TimeControl "180+1"]
[EndTime "14:39:17 PDT"]
[Termination "rpragchess won on time"]

1. Nf3 Nf6 2. c4 c5 3. Nc3 Nc6 4. e3 g6 5. d4 Bg7 6. d5 Nb8 7. e4 O-O 8. e5 Ne8 9. Bf4 d6 10. Be2 Bg4 11. exd6 Nxd6 12. O-O Bxf3 13. Bxf3 Nxc4 14.
d6 Nc6 15. dxe7 Qxe7 16. Nd5 Qd8 17. Bc7 Qc8 18. Qc2 b5 19. Rad1 Qa6 20. b3 Nb2 21. Rd2 c4 22. Bd6 Nd4 23. Rxd4 Bxd4 24. Bxf8 Rxf8 25.
Ne7+ Kg7 26. Nc6 Bf6 27. a4 cxb3 28. Qxb3 bxa4 29. Qd5 a3 30. h4 a2 31. Nb4 a1=Q 32.
Nxa6 Qxa6 33. h5 Qe6 34. Qb5 Qb6 35. Qd5 Na4 36. Qe4 Nc3 37. Qd3 Qd4 38. Qc2 Rb8 39. hxg6 hxg6 40. Re1 Qf4 41. Qd3 Rb2 42. g3 Qd4 43.
Qf1 Qc5 44. Kg2 Bd4 0-1

[Event "Late-Titled-Tuesday-Blitz-July-09-2024"]
[Site "Chess.com"]
[Date "2024.07.09"]
[Round "4"]
[White "aexmi"]
[Black "GAO"]
[Result "1/2-1/2"]
[WhiteElo "2264"]
[BlackElo "2442"]
[TimeControl "180+1"]
[EndTime "14:39:17 PDT"]
[Termination "Game drawn by repetition"]

1. e4 c5 2. Nf3 d6 3. Nc3 Nf6 4. d4 cxd4 5. Qxd4 a6 6. Be3 Nc6 7.
Qd3 Bg4 8. Be2 Bxf3 9. gxf3 g6 10. O-O-O Bg7 11. h4 h5 12. f4 b5 13. f5 Ne5 14. Qd2 Nfg4 15. Bd4 Rc8 16. f4 O-O 17.
fxe5 Bh6 18. Bxg4 Bxd2+ 19. Rxd2 hxg4 20. h5 gxf5 21. exf5 Kh7 22. Ne4 Rg8 23. exd6 Rc6 24. Be5 Rxd6 25. Bxd6 exd6 26. Rxd6 Qe7 27. Nf6+ Kh8 28.
Rhd1 g3 29. Nxg8 Kxg8 30. R6d3 Qg5+ 31. Kb1 Kf8 32. Rg1 Qxf5 33. Rdxg3 Qxh5 34. b3 Ke7 35. Re3+ Kf8 36. Rge1 Qc5 37. Kb2 a5 38. c3 a4 39.
Re5 Qf2+ 40. R1e2 Qf3 41. R5e3 Qd5 42. Re5 Qd3 43. R5e3 Qd5 44. Re5 Qd3 45. R5e3 Qd5 1/2-1/2

[Event "Late-Titled-Tuesday-Blitz-July-09-2024"]
[Site "Chess.com"]
[Date "2024.07.09"]
[Round "4"]
[White "norwaytoadog"]
[Black "vova-79"]
[Result "0-1"]
[WhiteElo "2327"]
[BlackElo "2490"]
[TimeControl "180+1"]
[EndTime "14:39:17 PDT"]
[Termination "vova-79 won on time"]

1. e4 e6 2. d4 d5 3. Nc3 dxe4 4. Nxe4 Nd7 5. Nf3 Ngf6 6. Nxf6+ Nxf6 7. Bg5 h6 8. Bh4 c5 9. Bd3 cxd4 10. Nxd4 Bc5 11. Nf3 O-O 12. Qe2 Qa5+ 13. c3 Nd5 14. b4 Qa3 15. O-O Nxc3 16. Qe5 Qxb4 17. Qh5 Be7 18. Bg3 Nd5 19. Rab1 Nf4 20. Bxf4 Qxf4 21. Rfe1 Bf6 22. Re4 Qf5 23. Qxf5 exf5 24. Rc4 Be6 25. Rc7 Bxa2 26. Rbxb7 a5 27. h4 Be6 28. Nd2 a4 29. Ra7 a3 30. Nc4 a2 31. Nb6 Rxa7 32. Rxa7 a1=Q+ 33. Rxa1 Bxa1 0-1

[Event "Late-Titled-Tuesday-Blitz-July-09-2024"]
[Site "Chess.com"]
[Date "2024.07.09"]
[Round "4"]
[White "GlavkonVVS"]
[Black "glebus008"]
[Result "1-0"]
[WhiteElo "2581"]
[BlackElo "2397"]
[TimeControl "180+1"]
[EndTime "14:39:18 PDT"]
[Termination "GlavkonVVS won on time"]

1. c4 e6 2. Nc3 d5 3. d4 c5 4. e3 Nf6 5. Nf3 a6 6. a3 dxc4 7. Bxc4 b5 8. Be2 Bb7 9. O-O Nbd7 10.
dxc5 Bxc5 11. b4 Bb6 12. Bb2 O-O 13. a4 bxa4 14. Rxa4 Nd5 15. Nxd5 Bxd5 16. Qa1 Nf6 17. Rxa6 Rxa6 18. Qxa6 Bc7 19. Rc1 Qd6 20. Qxd6 Bxd6 21. b5 Rb8 22. Nd4 h5 23. f3 Nd7 24. Nc6 Bxc6 25. Rxc6 Bc5 26. Kf2 Bb6 27. Bd4 Bxd4 28. exd4 Kf8 29. Ke3 Ke7 30. h4 Ra8 31. g4 Ra3+ 32.
Kf4 Ra4 33. Rc4 Ra2 34. Bd3 Rb2 35. Rc7 Rb4 36. Ke3 Kd8 37. Ra7 Rb3 38. gxh5 Ke7 39. Kd2 Kd6 40. Kc2 Rb4 41. Kc3 1-0

[Event "Late-Titled-Tuesday-Blitz-July-09-2024"]
[Site "Chess.com"]
[Date "2024.07.09"]
[Round "4"]
[White "KevinGeorgeMicheal"]
[Black "Sek_Konstantin"]
[Result "0-1"]
[WhiteElo "2542"]
[BlackElo "2722"]
[TimeControl "180+1"]
[EndTime "14:39:21 PDT"]
[Termination "Sek_Konstantin won on time"]

1. e4 e5 2. Nf3 Nc6 3. Nc3 Nf6 4. d4 exd4 5. Nxd4 Bb4 6. Nxc6 bxc6 7. Bd3 O-O 8. O-O Re8 9. Bd2 d6 10. h3 Rb8 11.
Re1 Nd7 12. a3 Bc5 13. b4 Bd4 14. Rb1 Qf6 15. e5 dxe5 16. Ne4 Qd8 17. Ng5 Nf6 18.
Bc4 Bxf2+ 19. Kxf2 Qd4+ 20. Be3 Qxc4 21. Bxa7 Ra8 22.
Be3 Rxa3 23. Qe2 Qxe2+ 24. Rxe2 h6 25. Bc1 Ra2 26. Nf3 Ba6 27. Rxe5 Rxc2+ 28. Kg1 Rxe5 29.
Nxe5 Ne4 30. Bf4 g5 31. Be3 f5 32. Nd7 f4 33. Bd4 Rd2 34. Nc5 Rxd4 35. Nxa6 Nc3 36. Re1 Rd2 37. Nxc7 Ne2+ 38. Kf1 Ng3+ 0-1

[Event "Late-Titled-Tuesday-Blitz-July-09-2024"]
[Site "Chess.com"]
[Date "2024.07.09"]
[Round "4"]
[White "Polish_fighter3000"]
[Black "IlanSchnaider"]
[Result "0-1"]
[WhiteElo "3055"]
[BlackElo "2856"]
[TimeControl "180+1"]
[EndTime "14:39:22 PDT"]
[Termination "IlanSchnaider won on time"]

1. d4 d5 2. Bf4 Nf6 3. e3 c5 4. c3 Nc6 5. Nd2 e6 6. Bd3 Bd6 7. Bxd6 Qxd6 8. f4 cxd4 9. cxd4 O-O 10. a3 a5 11. Ngf3 b6 12. Qe2 Nb8 13. g4 Ba6 14.
Bxa6 Nxa6 15. g5 Ne4 16. Nxe4 dxe4 17. Ne5 Nb8 18. Qb5 a4 19. Nc4 Qd7 20. Qxd7 Nxd7 21. Nd6 f5 22. Ke2 Ra5 23. Rac1 Rd5 24. Rc6 Nb8 25.
Rxb6 Nd7 26. Ra6 Nb8 27. Rb6 Nd7 28. Rc6 Nb8 29. Rhc1 Nxc6 30. Rxc6 Rb8 31. Nc4 Rdb5 32. Rxe6 Rc8 33. Re5 Rxe5 34. Nxe5 Rc2+ 35. Kd1 Rxb2 36. h4 Rb3 37. d5 Kf8 38. Kd2 Rxa3 39. d6 Ke8 40. h5 Rb3 41. h6 gxh6 42. gxh6 a3 0-1

[Event "Late-Titled-Tuesday-Blitz-July-09-2024"]
[Site "Chess.com"]
[Date "2024.07.09"]
[Round "4"]
[White "swayamsm"]
[Black "Arysya"]
[Result "0-1"]
[WhiteElo "2623"]
[BlackElo "2897"]
[TimeControl "180+1"]
[EndTime "14:39:22 PDT"]
[Termination "Arysya won by resignation"]

1. d4 Nf6 2. c4 d6 3. Nc3 Bf5 4. g3 e5 5. Bg2 c6 6. Nf3 Qc7 7. O-O Be7 8. h3 O-O 9. g4 Be6 10. b3 Re8 11. Be3 Bf8 12. Qc2 e4 13. Nd2 d5 14. Qb2 h5 15. g5 Nh7 16. f4 Qd7 17. h4 g6 18. Rac1 Bg7 19. Na4 b6 20. Rfd1 Nf8 21. Nf1 dxc4 22. bxc4 c5 23. Bxe4 Nc6 24. Qb5 Nxd4 25. Qxd7 Bxd7 26. Nc3 Nxe2+ 27. Nxe2 Rxe4 28.
Kf2 Bg4 29. Rd3 Rae8 30. Neg3 R4e7 31. a4 Ne6 32. a5 Nd4 33. axb6 axb6 34. Rb1 Nf5 35.
Rxb6 Nxe3 36. Nxe3 Bd4 37. Rbb3 Ra8 38. Rd2 Ra4 39.
Ne2 Bxe2 40. Kxe2 Rxc4 41. Kf3 Rb4 42. Rxb4 Rxe3+ 43. Kf2 Rd3+ 44. Ke2 Rxd2+ 45. Kxd2 cxb4 46. Kd3 Bf2 0-1

[Event "Late-Titled-Tuesday-Blitz-July-09-2024"]
[Site "Chess.com"]
[Date "2024.07.09"]
[Round "4"]
[White "Crazy_girl99"]
[Black "Vladimir_Zakhartsov"]
[Result "0-1"]
[WhiteElo "2682"]
[BlackElo "2903"]
[TimeControl "180+1"]
[EndTime "14:39:23 PDT"]
[Termination "Vladimir_Zakhartsov won by checkmate"]

1. e4 c5 2. Nf3 d6 3. d4 Nf6 4.
Nc3 cxd4 5. Nxd4 g6 6. f3 h5 7. Bc4 Bg7 8. Be3 a6 9. Be2 b5 10. O-O Bb7 11. Qd2 Nbd7 12. a4 b4 13. Na2 a5 14. c3 bxc3 15. Nxc3 O-O 16. Bb5 Nc5 17. Rad1 Kh7 18. Bg5 Qc7 19. Kh1 Rad8 20. Rfe1 e5 21. Nc2 Ne6 22. Bh4 Bh6 23. Qf2 g5 24. Bg3 h4 25. Bxh4 gxh4 26. Qxh4 Qe7 27. Ne3 Ng8 28.
Qh3 Nf4 29. Qg3 Qf6 30. Ng4 Qg6 31. Qh4 Qg5 32. Qf2 Nf6 33. Ne3 Bc8 34. Bc4 Be6 35. b3 Rg8 36. Nb5 Bxc4 37. bxc4 Qh5 38. Nxd6 Bg5 39.
Ndf5 Nd3 40. Rxd3 Rxd3 41. c5 Bxe3 42. Nxe3 Rc3 43. h3 Qg5 44. Nf5 Rc1 45. Rxc1 Qxc1+ 46. Kh2 Qf4+ 47. Kg1 Nh5 48. g4 Qg5 49. c6 Ng7 50. Ne3 Rc8 51. h4 Qf4 52. Nd5 Qc1+ 53. Kg2 Rxc6 54.
Qa7 Rc2+ 55. Kh3 Qh1+ 56. Kg3 Rg2# 0-1

[Event "Late-Titled-Tuesday-Blitz-July-09-2024"]
[Site "Chess.com"]
[Date "2024.07.09"]
[Round "4"]
[White "HouseOfDurin"]
[Black "Romadk"]
[Result "0-1"]
[WhiteElo "2291"]
[BlackElo "2459"]
[TimeControl "180+1"]
[EndTime "14:39:23 PDT"]
[Termination "Romadk won on time"]

1. d4 Nf6 2. Bg5 e6 3. e4 h6 4.
Bxf6 Qxf6 5. Nc3 d6 6. Nf3 e5 7.
dxe5 dxe5 8. Bc4 Bb4 9. Qd3 Bg4 10. O-O-O Bxc3 11. Qxc3 O-O 12. Rd3 Bxf3 13. Rxf3 Qe7 14. Bd5 c6 15. Bb3 Na6 16. Rd1 Rad8 17. g3 Nc5 18. Qe3 Rxd1+ 19. Kxd1 Rd8+ 20. Kc1 Nxb3+ 21. axb3 Qd7 22. Qe2 f6 23. Rd3 Qe7 24. Rxd8+ Qxd8 25. h4 Qd4 26. Qc4+ Qxc4 27. bxc4 Kf7 28. c5 Kg6 29. g4 h5 30. f3 hxg4 31. fxg4 Kf7 32. Kd2 Ke6 33.
b4 Kd7 34. c4 Kc7 35. Kc3 b6 36. cxb6+ axb6 37. Kd3 Kb7 38. Ke3 Ka6 39. g5 fxg5 40. hxg5 c5 41. bxc5 bxc5 42. Kf3 Ka5 43. Kg4 Kb4 44.
Kf5 Kxc4 45. Kxe5 Kd3 46. Kd6 c4 47. e5 c3 48. e6 c2 49. e7 c1=Q 50. e8=Q Qa3+ 51.
Ke6 Qa6+ 52. Kf7 Qb7+ 53. Qe7 Qf3+ 54. Kg6 Kd4 55. Kxg7 Qg4 56. g6 Kd5 57. Qf7+ Kd6 0-1

[Event "Late-Titled-Tuesday-Blitz-July-09-2024"]
[Site "Chess.com"]
[Date "2024.07.09"]
[Round "4"]
[White "APOKALIPSA13"]
[Black "schondeln"]
[Result "0-1"]
[WhiteElo "2107"]
[BlackElo "2355"]
[TimeControl "180+1"]
[EndTime "14:39:23 PDT"]
[Termination "schondeln won by resignation"]

1. e4 d5 2. exd5 Qxd5 3. Nf3 Bg4 4. Nc3 Qd7 5. Be2 Nc6 6. O-O O-O-O 7. d3 Nf6 8. h3 Bxf3 9. Bxf3 Nd4 10. Re1 e6 11. Ne4 Nxf3+ 12. Qxf3 Be7 13. Be3 Kb8 14. b4 Nxe4 15.
Qxe4 Qd5 16. a3 Bf6 17. Rab1 Rd7 18. Rb3 Rhd8 19. c4 Qxe4 20. dxe4 Rd3 21. Reb1 a6 22. g3 Rxb3 23. Rxb3 Rd1+ 24. Kg2 Kc8 25. h4 Bd4 26. Kf3 Bxe3 27. Kxe3 h5 28. Rd3 Rc1 29. c5 e5 30. Rd5 f6 31. Rd3 Rc4 32. Rd2 a5 33. bxa5 Rxc5 34. Rd5 Rc3+ 35. Rd3 Rxd3+ 36. Kxd3 Kd7 37.
Kc4 Kc6 38. Kb4 Kd6 39. Kc4 g6 40. Kb4 f5 41. f3 f4 42. gxf4 exf4 43. Kc4 g5 44.
hxg5 h4 45. g6 Ke6 46. e5 h3 47. a6 bxa6 48. Kc5 h2 49. Kc6 h1=Q 50. Kxc7 Qxf3 51. g7 Kf7 52. e6+ Kxg7 53. Kc8 Qc6+ 0-1

[Event "Late-Titled-Tuesday-Blitz-July-09-2024"]
[Site "Chess.com"]
[Date "2024.07.09"]
[Round "4"]
[White "CapivaraBondoso"]
[Black "SandwichOSaumon"]
[Result "0-1"]
[WhiteElo "1888"]
[BlackElo "2302"]
[TimeControl "180+1"]
[EndTime "14:39:24 PDT"]
[Termination "SandwichOSaumon won by resignation"]

1. e4 c5 2. Nf3 Nc6 3. d4 cxd4 4. Nxd4 Nf6 5. Nc3 e5 6. Ndb5 d6 7. Bg5 a6 8. Na3 b5 9. Nd5 Be7 10. Bxf6 Bxf6 11. c3 Ne7 12. Nc2 Nxd5 13. Qxd5 Ra7 14.
Nb4 Bb7 15. Qd3 O-O 16. a4 Qa8 17. Nd5 Bxd5 18. Qxd5 Qxd5 19. exd5 b4 20. a5 bxc3 21. bxc3 e4 22. Kd2 Rc8 23. Ra3 Rc5 24. c4 Bb2 25.
Ra2 Bd4 26. Be2 Bxf2 27. Rb1 g6 28. Rb8+ Kg7 29. Rb6 Rxa5 30. Rxa5 Bxb6 31. Ra4 Bc5 32. Bg4 f5 33. Bd1 Kf6 34. Ra2 Ke5 35. Kc3 Bd4+ 36. Kc2 f4 37. Kd2 g5 38. Bg4 e3+ 39. Kd3 a5 40. Bd7 h5 41. Bb5 g4 42.
Rc2 f3 43. gxf3 gxf3 44. Rc1 a4 45. Rg1 a3 0-1

[Event "Late-Titled-Tuesday-Blitz-July-09-2024"]
[Site "Chess.com"]
[Date "2024.07.09"]
[Round "4"]
[White "Emp3rador"]
[Black "ChessLover0108"]
[Result "0-1"]
[WhiteElo "2615"]
[BlackElo "2929"]
[TimeControl "180+1"]
[EndTime "14:39:26 PDT"]
[Termination "ChessLover0108 won by resignation"]

1. e4 c5 2. Nf3 d6 3. Bb5+ Nc6 4. d4 cxd4 5. Qxd4 Bd7 6. Bxc6 bxc6 7. c4 e5 8. Qd3 Be6 9. O-O f6 10. Rd1 Ne7 11. b3 d5 12. cxd5 cxd5 13. exd5 Nxd5 14. Bb2 Qb6 15. Nc3 Nxc3 16. Qxc3 Bb4 17. Qd3 O-O 18.
Qe4 Bc5 19. Qe2 Rad8 20. Nd2 Be7 21. Ne4 h6 22. Rxd8 Rxd8 23. Rd1 Rxd1+ 24. Qxd1 Qa6 25. Nc3 Bc5 26. Qd8+ Kh7 27. h3 Bd4 28. Qc7 Qd3 29. Na4 Bxb2 30. Nxb2 Qb1+ 31. Kh2 Qxb2 32. Qxa7 Qd4 33.
Qxd4 exd4 34. Kg3 Bd5 35. f3 Kg6 36. Kf2 Kf5 37. Ke2 Ke5 38. Kd3 Bg8 39. f4+ Kd5 40. f5 Bf7 41. g4 Be8 42. a4 Bc6 43. Kd2 Ke4 44. Ke2 d3+ 45. Kd2 Kd4 46. a5 Bb5 47. b4 Kc4 48. h4 Kxb4 49. g5 hxg5 0-1

[Event "Late-Titled-Tuesday-Blitz-July-09-2024"]
[Site "Chess.com"]
[Date "2024.07.09"]
[Round "4"]
[White "LikeWater"]
[Black "Seppppppy"]
[Result "1-0"]
[WhiteElo "2663"]
[BlackElo "2295"]
[TimeControl "180+1"]
[EndTime "14:39:27 PDT"]
[Termination "LikeWater won by resignation"]

1. e4 e5 2. Nf3 Nc6 3. Nc3 Nf6 4. Bb5 Nd4 5. O-O Nxb5 6. Nxb5 d6 7. d4 exd4 8. Qxd4 Be7 9. c4 O-O 10. h3 Be6 11. Re1 a6 12. Nc3 Qd7 13. Nd5 b5 14.
Nxe7+ Qxe7 15. Bg5 bxc4 16. e5 dxe5 17. Nxe5 Qd6 18.
Qh4 Nd5 19. Nxc4 Qc5 20. Rac1 Qb5 21. b3 Nb4 22. Re5 Qd7 23. Bf6 Bf5 24. Re7 Qc6 25. Bb2 Nd3 26. Qg3 Qg6 27. Rd1 Qxg3 28. fxg3 Rfe8 29.
Rxc7 Re2 30. Bd4 Be4 31. Ne3 Rd8 32. Re7 Bg6 33. Bb6 Rb8 34. Nd5 Rxe7 35. Nxe7+ Kf8 36.
Nxg6+ hxg6 37. Bc7 Rc8 38. Bd6+ Kg8 39. Rxd3 Rc1+ 40.
Kh2 Rc2 41. a4 Rb2 42. Be5 Rb1 43. Bd6 f6 44. b4 Kf7 45. Bc5 Ke6 46. a5 Ke5 47. Rd6 f5 48. Rxa6 f4 49. gxf4+ Kxf4 50. Rxg6 Ke4 51. Rxg7 Kd3 52. Rg4 Ke2 53. a6 Kf1 54. a7 Rb2 55. a8=Q 1-0

[Event "Late-Titled-Tuesday-Blitz-July-09-2024"]
[Site "Chess.com"]
[Date "2024.07.09"]
[Round "4"]
[White "FM_Kappeler"]
[Black "Chessmatus"]
[Result "1/2-1/2"]
[WhiteElo "2322"]
[BlackElo "2522"]
[TimeControl "180+1"]
[EndTime "14:39:27 PDT"]
[Termination "Game drawn by repetition"]

1. d4 Nf6 2. c4 g6 3. Nc3 d5 4.
cxd5 Nxd5 5. e4 Nxc3 6. bxc3 Bg7 7. Nf3 c5 8. Rb1 O-O 9. h3 Nc6 10. d5 Ne5 11. Nxe5 Bxe5 12. Qc2 e6 13. c4 exd5 14. exd5 Re8 15. Be3 Qa5+ 16. Bd2 Bf5 17. Bd3 Bf4+ 18.
Kd1 Bxd2 19. Qxd2 Qa4+ 20. Qc2 Qxc2+ 21. Bxc2 Bxc2+ 22. Kxc2 Re2+ 23. Kd3 Rae8 24. Rxb7 Rxa2 25. Rc7 Ree2 26. Rxc5 Rxf2 27. Rb1 a5 28. Rc8+ Kg7 29. c5 Rfd2+ 30. Ke4 Ra4+ 31. Ke5 f6+ 32. Ke6 Re4+ 33. Kd6 Re5 34. c6 Rexd5+ 35. Kc7 Rc2 36. Ra8 Rdc5 37. Rb6 Rxg2 38. Kd6 Rgc2 39. Rb7+ Kh6 40. c7 f5 41.
Kd7 Rd2+ 42. Ke7 Rdc2 43. Kd7 Rd2+ 44. Ke7 Re2+ 45. Kd7 Rd2+ 1/2-1/2

[Event "Late-Titled-Tuesday-Blitz-July-09-2024"]
[Site "Chess.com"]
[Date "2024.07.09"]
[Round "4"]
[White "Hattori-Hanzo78"]
[Black "GMG"]
[Result "1/2-1/2"]
[WhiteElo "2585"]
[BlackElo "2782"]
[TimeControl "180+1"]
[EndTime "14:39:29 PDT"]
[Termination "Game drawn by repetition"]

1. d4 d5 2. Nc3 Nf6 3. Bf4 a6 4. e3 b5 5. h4 b4 6. Na4 e6 7. g4 Bd7 8. c4 dxc4 9. Bxc4 Bc6 10. Rh2 Nd5 11. Bg3 Qd7 12. Nc5 Bxc5 13. dxc5 Bb5 14.
Qc2 Qc6 15. Bxb5 axb5 16. Ne2 O-O 17. Nd4 Qa6 18. Kf1 Nc6 19. Nf3 Qa7 20. Kg2 Rfd8 21. Rhh1 f6 22. g5 f5 23. e4 Nde7 24. Rhe1 f4 25.
Bxf4 Rf8 26. Qc1 Ng6 27. Bg3 e5 28. Qd2 Rad8 29. Qe3 Qa8 30. Rad1 Rxd1 31. Rxd1 Qc8 32. Nh2 Kh8 33. a3 Nf4+ 34. Bxf4 exf4 35. Qh3 f3+ 36.
Kg3 Qe8 37. Qg4 Ne5 38. Qh3 Qf7 39. Qf5 Qe8 40. Qh3 Qf7 41. Qf5 Qe8 42. Qh3 1/2-1/2

[Event "Late-Titled-Tuesday-Blitz-July-09-2024"]
[Site "Chess.com"]
[Date "2024.07.09"]
[Round "4"]
[White "JAN2404"]
[Black "Payyappat"]
[Result "0-1"]
[WhiteElo "2082"]
[BlackElo "2418"]
[TimeControl "180+1"]
[EndTime "14:39:29 PDT"]
[Termination "Payyappat won by resignation"]

1. e4 c6 2. d4 d5 3. e5 Bf5 4. Nf3 e6 5. Be2 Ne7 6. O-O Ng6 7. c4 dxc4 8. Bxc4 Nd7 9. Nc3 Nb6 10. Bd3 Bxd3 11.
Qxd3 Be7 12. Be3 Nd5 13. Nxd5 Qxd5 14. a3 O-O-O 15. Rfd1 h5 16. b4 h4 17. h3 Rh5 18. a4 Nxe5 19. Nxe5 Rxe5 20. b5 c5 21. Rac1 Re4 22. a5 Kb8 23. b6 cxd4 24. bxa7+ Ka8 25.
Qb1 d3 26. Rc7 Rb4 27. Qc1 Rd4 28. Rc8+ Rxc8 29. Qxc8+ Kxa7 30. Rxd3 Bf6 31. Bxd4+ Bxd4 32. Qc7 Bxf2+ 33. Kxf2 Qxd3 34. Qb6+ Ka8 35. a6 Qxa6 36. Qd8+ Ka7 37. Qxh4 Qa2+ 38. Kg3 Qd5 39. Qf4 f6 40. Qc1 Kb6 41. Qb2+ Kc6 42. Qc2+ Qc5 43. Qb3 Qb5 44. Qc3+ Kd6 45. Qf3 Qe5+ 46. Kf2 Qf5 0-1

[Event "Late-Titled-Tuesday-Blitz-July-09-2024"]
[Site "Chess.com"]
[Date "2024.07.09"]
[Round "4"]
[White "Chempiblinka"]
[Black "osielchesslover2011"]
[Result "0-1"]
[WhiteElo "2344"]
[BlackElo "2187"]
[TimeControl "180+1"]
[EndTime "14:39:30 PDT"]
[Termination "osielchesslover2011 won by checkmate"]

1. Nf3 Nf6 2. g3 g6 3. Bg2 Bg7 4. O-O O-O 5. c4 d6 6. d4 Nbd7 7. Nc3 e5 8. e3 c6 9. b3 e4 10. Nd2 d5 11. Bb2 Nb6 12. f3 exf3 13. Qxf3 Bf5 14. Rae1 Bd3 15. Rf2 dxc4 16. Nce4 Nxe4 17. Nxe4 cxb3 18. axb3 Qd5 19. Nf6+ Bxf6 20. Qxf6 Qe6 21. Qh4 f5 22. Qh6 Nd5 23. Ba3 Rfe8 24. g4 Nxe3 25.
gxf5 Nxf5 26. Rxe6 Nxh6 27. Ref6 Ng4 28. d5 Nxf2 29.
Kxf2 cxd5 30. Bxd5+ Kg7 31. Rf3 Bf5 32. Bb2+ Kf8 33.
Kg3 Rad8 34. Bc4 a6 35. Ba3+ Kg7 36. Bb2+ Kf8 37. Bc3 b5 38. Be2 Rxe2 39. Bf6 Rd3 40. Bg5 Rxf3+ 41. Kxf3 Rb2 42. Kf4 Rxb3 43. Ke5 a5 44. Kf6 a4 45. Bh6+ Ke8 46. Bg5 a3 47.
Bh6 a2 48. Kg7 a1=Q+ 49. Kxh7 Rc3 50. Bg7 Rc7 51. Kh8 Qxg7# 0-1

[Event "Late-Titled-Tuesday-Blitz-July-09-2024"]
[Site "Chess.com"]
[Date "2024.07.09"]
[Round "4"]
[White "Alexander_Khlebovich"]
[Black "Lady_Nika"]
[Result "0-1"]
[WhiteElo "2786"]
[BlackElo "2514"]
[TimeControl "180+1"]
[EndTime "14:39:31 PDT"]
[Termination "Lady_Nika won on time"]

1. d4 d5 2. c4 e6 3. Nf3 Nf6 4. g3 Be7 5. Bg2 O-O 6. O-O Ne4 7.
Nfd2 Nxd2 8. Bxd2 c6 9. e4 dxe4 10. Bxe4 Qxd4 11. Qc2 f5 12. Bg2 Bf6 13. Bc1 Na6 14.
Rd1 Qb6 15. Nc3 e5 16. Be3 Qc7 17. c5 Be6 18. Rd6 Rfe8 19. Rad1 Rad8 20. Bf1 Nb4 21. Qa4 Nd5 22. Nxd5 cxd5 23. Bb5 Re7 24. Qxa7 d4 25.
Rxe6 Rxe6 26. Bc4 Qc6 27. Bd2 Kf8 28. Bxe6 Qxe6 29. Qxb7 e4 30. Bb4 Kg8 31. c6 Rc8 32. c7 Qd7 33. Ba5 Be5 34. Rc1 d3 35. Qb3+ Kh8 36.
Qc4 d2 37. Rd1 Bxc7 38. Rxd2 Bxa5 39. Rxd7 Rxc4 0-1